 Dungeon Crawl Stone Soup version 0.18-a0-1677-g2bdad6c (webtiles) character file.

701 Kidiri the Magician (level 7, -4/40 HPs)
             Began as a Deep Elf Fire Elementalist on Apr 2, 2016.
             Killed by Olgreb's Toxic Radiance
             ... invoked by Jano's ghost
              (7 damage)
             ... on level 5 of the Dungeon.
             The game lasted 00:19:22 (5903 turns).

Kidiri the Magician (Deep Elf Fire Elementalist)    Turns: 5903, Time: 00:19:23

Health: -4/40      AC:  4    Str:  5    XL:     7   Next: 38%
Magic:  13/19      EV: 14    Int: 22    God:
Gold:   174        SH:  0    Dex: 15    Spells: 6 memorised, 1 level left

rFire  + . .     SeeInvis .     g - +2 dagger
rCold  . . .     Gourm    .     a - +0 robe
rNeg   . . .     Faith    .     (no shield)
rPois  .         Spirit   .     f - +0 helmet
rElec  .         Dismiss  .     (no cloak)
rCorr  .         Reflect  .     l - +0 pair of gloves
SustAt .         Harm     .     (no boots)
MR     .....                    i - amulet of rage
Stlth  ++........               (no ring)
                                v - ring of protection from fire

@: lethally poisoned (-4 -> -7), not resistant to hostile enchantments,
unstealthy
A: no striking features
a: Evoke Berserk Rage


You were on level 5 of the Dungeon.
You were not hungry.

You visited 1 branch of the dungeon, and saw 5 of its levels.

You collected 174 gold pieces.

Inventory:

Hand Weapons
 g - a +2 dagger (weapon)
Missiles
 d - a tomahawk of returning (quivered)
Armour
 a - a +0 robe (worn)
 f - a +0 helmet (worn)
 l - a +0 pair of gloves (worn)
Jewellery
 i - an amulet of rage (around neck)
 v - a ring of protection from fire (left hand)
Scrolls
 m - 2 scrolls of remove curse
 t - a scroll of recharging
Potions
 e - a potion of flight
 j - a potion of curing
 k - a potion of haste
 n - a potion of magic
 p - a potion of resistance
 q - 3 potions of might {unknown}
Books
 b - a book of Flames

   Spells                             Type                      Level
   a - Flame Tongue                   Conjuration/Fire             1
   b - Throw Flame                    Conjuration/Fire             2
   c - Conjure Flame                  Conjuration/Fire             3
   d - Inner Flame                    Hexes/Fire                   3
   e - Sticky Flame                   Conjuration/Fire             4
   f - Fireball                       Conjuration/Fire             5
Comestibles
 c - 2 bread rations
 h - a royal jelly
 o - 5 meat rations
 s - 4 fruits
 x - 4 chunks of flesh


   Skills:
 + Level 2.1 Fighting
 + Level 4.0 Dodging
 - Level 2.4 Stealth
 * Level 6.9 Spellcasting
 + Level 3.5 Conjurations
 + Level 3.4 Hexes
 + Level 4.4 Fire Magic


You had one spell level left.
You knew the following spells:

 Your Spells              Type           Power        Failure   Level  Hunger
a - Flame Tongue          Conj/Fire      ####.        1%          1    None
b - Throw Flame           Conj/Fire      ####..       2%          2    None
c - Conjure Flame         Conj/Fire      ####....     6%          3    None
d - Inner Flame           Hex/Fire       ####....     6%          3    None
e - Sticky Flame          Conj/Fire      ####....     17%         4    ###....
f - Fireball              Conj/Fire      ####......   50%         5    #####..


Dungeon Overview and Level Annotations

Branches:
Dungeon (5/15)
 Temple: D:4-7

Altars:
Gozag
Sif Muna
Xom

Annotations:
D:5 Dowan; Jano's ghost, novice NaVM


Message History

Drink which item? (? for menu, Esc to quit)
You feel better.
* * * LOW HITPOINT WARNING * * *
You are poisoned.
The giant gecko zombie bites you but does no damage.
The adder zombie closely misses you. The orc closely misses you.
Jano's ghost points at you and mumbles some strange words.
The ball explodes into a vile cloud!
The stinking cloud engulfs you!
The stinking cloud engulfs the giant gecko zombie.
The stinking cloud engulfs the adder zombie.
The stinking cloud engulfs Jano's ghost.
The stinking cloud engulfs the orc.
A sky beast comes into view.
Read which item? (? for menu, Esc to quit)
As you read the scroll labeled GEIMIU XISHROUNIOL, it crumbles to dust.
The creatures around you are filled with an inner flame!
It was a scroll of immolation.
You are engulfed in noxious fumes.
* * * LOW HITPOINT WARNING * * *
x2 You feel sick.
You die...

,,,,,,,,*,* #.[...!........#
***+*****,* #..............#
*,* *,* #..............# *,**
*,* ####Y...........# *,,*
*,* #....S.o.†.....#* **,*
*,* #........<.....# *,** *,*
#.........)§..e#
**,,***,***#.§§Wo5..§.....#
***,,,,,,,,,,#..@Zo.####.####
,,,,*,***,**,#.§Zo...#**.#***
,,,,*,,**+**+#........#*..,,*
,,,,**,*,,,,......###.###.#.*
,,,,**,,,,,.......#.,.....?.*
,,,,***,,.........#.,.....#.*
,,,,+,*,,.........#.,.$.....*
,,,,*,*,,.........#.,.....*,*
,,,,*,,,,,**+###*...,...,,,,*


You could see a sky beast (inner flame), Jano's ghost (inner flame), a crimson
imp (inner flame), an adder (inner flame), 4 orcs, a giant gecko zombie (inner
flame) and an adder zombie (inner flame).

Vanquished Creatures
  Duvessa (D:5)
  A phantom (D:4)
  3 hounds (D:4)
  2 orc priests (D:3)
  An orc wizard (D:4)
  A worker ant (D:4)
  Robin (D:3)
  7 gnolls (D:4)
  10 adders
  An ooze (D:2)
  4 worms
  4 dart slugs
  10 orcs
  8 giant cockroaches
  4 hobgoblins
  14 jackals
  2 kobolds
  8 quokkas
  2 ball pythons
  8 bats
  8 giant newts
  19 goblins
  6 rats
125 creatures vanquished.

Notes
Turn   | Place    | Note
--------------------------------------------------------------
     0 | D:1      | Kidiri the Deep Elf Fire Elementalist began the quest for the Orb.
     0 | D:1      | Reached XP level 1. HP: 10/10 MP: 6/6
   327 | D:1      | Reached XP level 2. HP: 15/15 MP: 6/8
   331 | D:1      | Learned a level 2 spell: Throw Flame
  1423 | D:2      | Reached XP level 3. HP: 20/20 MP: 3/10
  1428 | D:2      | Learned a level 3 spell: Conjure Flame
  1432 | D:2      | Learned a level 3 spell: Inner Flame
  1595 | D:2      | Reached skill level 1 in Fighting
  1595 | D:2      | Reached skill level 4 in Spellcasting
  1722 | D:2      | Reached XP level 4. HP: 25/25 MP: 1/12
  2025 | D:2      | Reached skill level 1 in Hexes
  3097 | D:3      | Reached skill level 5 in Spellcasting
  3097 | D:3      | Reached XP level 5. HP: 23/29 MP: 0/14
  3299 | D:3      | Learned a level 4 spell: Sticky Flame
  3692 | D:3      | Noticed Robin
  3700 | D:3      | Killed Robin
  4222 | D:3      | Reached XP level 6. HP: 35/35 MP: 5/16
  4341 | D:4      | Found a deep blue altar of Sif Muna.
  4344 | D:4      | Found a shimmering altar of Xom.
  4710 | D:3      | Reached skill level 6 in Spellcasting
  4837 | D:4      | Found an opulent altar of Gozag.
  5067 | D:4      | Reached XP level 7. HP: 28/40 MP: 0/18
  5074 | D:4      | Learned a level 5 spell: Fireball
  5684 | D:5      | Entered Level 5 of the Dungeon
  5684 | D:5      | Noticed Jano's ghost (novice NaVM)
  5752 | D:5      | Noticed Duvessa
  5752 | D:5      | Noticed Dowan
  5889 | D:5      | Killed Duvessa
  5903 | D:5      | Killed from afar by Jano's ghost

Vault maps used:
D:1:      dpeg_arrival_renting
D:2:      first_bread, hex_medium
D:3:      minmay_fountain_box, uniq_robin
D:4:      grunt_gozag_breadcrumbs, nicolae_overflow_hidden_temple, minivault_26
D:5:      fedhas_altar_fruit_tree, minmay_crystal_room, okawaru_gym_becter,
          uniq_duvessa, uniq_menkaure

Skill      XL: |  1  2  3  4  5  6  7 |
---------------+----------------------+-----
Fighting       | 1 2 |  2.1
Spellcasting   | 4 5 6 |  6.9
Conjurations   | 2 3 |  3.5
Hexes          | 1 2 3 |  3.4
Dodging        | 3 4 |  4.0
Fire Magic     | 4 |  4.4
Stealth        | |  2.4

Action                   |  1- 3 |  4- 6 |  7- 9 || total
-------------------------+-------+-------+-------++-------
Melee: Dagger            |    21 |    27 |     3 ||    51
Throw: Tomahawk          |       |     1 |       ||     1
 Cast: Flame Tongue      |    42 |   134 |    19 ||   195
       Throw Flame       |    11 |    37 |     4 ||    52
       Conjure Flame     |       |     4 |       ||     4
       Inner Flame       |       |     2 |     1 ||     3
       Sticky Flame      |       |     2 |     2 ||     4
 Abil: Evoke Berserk Rag |     1 |       |       ||     1
  Use: Potion            |     1 |       |     5 ||     6
       Scroll            |       |     8 |     4 ||    12
 Stab: Sleeping          |       |     1 |       ||     1
  Eat: Chunk             |     3 |    11 |     3 ||    17
